 Dungeon Crawl Stone Soup version 0.29-a0-43-g62a80824bf (webtiles) character file.

Game seed: 2912045255033398470

369 jij1949 the Ruffian (level 6, 0/52 HPs)
             Began as a Ghoul Monk on Feb 3, 2022.
             Splashed by a jelly's acid (5 damage)
             ... on level 6 of the Dungeon.
             The game lasted 00:16:35 (4933 turns).

jij1949 the Ruffian (Ghoul Monk)                    Turns: 4933, Time: 00:16:37

Health: 0/52       AC: -7    Str: 17    XL:     6   Next: 70%
Magic:  5/5        EV: 11    Int:  5    God:
Gold:   222        SH:  0    Dex: 11    Spells: 5/5 levels left

rFire   x . .      SeeInvis .   o - +0 short sword (flame)
rCold   + + +      Faith    .   (no shield)
rNeg    + + +      Spirit   .   B - +0 ring mail
rPois   ∞          Reflect  .   (no helmet)
rElec   .          Harm     .   J - +0 cloak
rCorr   .          Rampage  .   f - +0 pair of gloves
Will    .....                   F - +0 pair of boots
Stlth   +.........              c - amulet of magic regeneration
HPRegen 0.00/turn               C - ring of ice
MPRegen 0.49/turn               n - ring of protection from cold

@: corroded, inhibited regen
A: claws 1, cold resistance 1, negative energy resistance 3, inhibited
regeneration, torment resistance 2
a: no special abilities


You were on level 6 of the Dungeon.
You visited 1 branch of the dungeon, and saw 6 of its levels.

You collected 222 gold pieces.

Inventory:

Hand Weapons
 b - a +0 club
 d - a +0 dagger
 j - a +0 longbow
 o - a +0 short sword of flaming (weapon)
 p - a +0 mace
 t - a +0 war axe
 u - a +0 spear
 x - a +0 flail
Missiles
 g - 6 boomerangs
 i - 48 bolts
 m - 70 stones (quivered)
 r - 2 throwing nets
 y - 3 large rocks
Armour
 a - a +0 robe
 f - a +0 pair of gloves (worn)
 h - a scarf of repulsion
 l - a +0 leather armour
 w - a +0 scale mail
 B - a +0 ring mail (worn)
 F - a +0 pair of boots (worn)
 J - a +0 cloak (worn)
Jewellery
 c - an amulet of magic regeneration (around neck)
 n - a ring of protection from cold (right hand)
 C - a ring of ice (left hand)
 H - a ring of resist corrosion
Wands
 s - a wand of acid (9)
 I - a wand of iceblast (7)
Scrolls
 k - a scroll of teleportation
 v - a scroll of immolation
 D - a scroll of silence
Potions
 e - 2 potions of degeneration
 z - 2 potions of brilliance
 A - 2 potions of attraction
 E - a potion of flight
 G - a potion of resistance
 K - a potion of berserk rage


   Skills:
 + Level 3.9 Fighting
 + Level 2.9 Short Blades
 + Level 2.4 Armour
 + Level 3.7 Dodging
 + Level 3.1 Stealth
 + Level 4.2 Unarmed Combat


You had 5 spell levels left.
You didn't know any spells.
Your spell library contained the following spells:

 Spells                   Type           Power      Damage    Failure   Level
 Shock                    Conj/Air       0%         1d3       67%         1
 Inner Flame              Hex/Fire       0%         N/A       96%         3
 Freezing Cloud           Conj/Ice/Air   0%         6-21      100%        5
 Silence                  Hex/Air        0%         N/A       100%        5


Dungeon Overview and Level Annotations

Branches:
Dungeon (6/15)
 Temple: D:4-7

Altars:
Kikubaaqudgha

Shops:
D:4 =


Innate Abilities, Weirdness & Mutations

You thrive by killing the living.
You are immune to poison.
You have sharp fingernails.
Your flesh is cold resistant. (rC+)
You are immune to negative energy. (rN+++)
You do not regenerate when monsters are visible.
You are immune to unholy pain and torment.


Message History

The centaur zombie is heavily damaged.
The centaur zombie hits you but does no damage.
The centaur zombie kicks you but does no damage.
You hit the centaur zombie. You burn the centaur zombie.
The centaur zombie is severely damaged.
The centaur zombie barely misses you. x2
You puncture the centaur zombie! You burn the centaur zombie.
You punch the centaur zombie.
You destroy the centaur zombie!
There is a stone staircase leading down here.
You climb downwards.
Found a dagger.
There is a stone staircase leading up here.
The jelly quivers.
The jelly completely misses you.
You see here a +0 dagger.
You hit the jelly but do no damage.
Your hands burn!
The jelly hits you but does no damage.
You hit the jelly. You burn the jelly. The acid corrodes you!
Your hands burn!
The jelly is moderately wounded.
The jelly hits you but does no damage.
You hit the jelly. You burn the jelly. The acid corrodes you!
Your hands burn!
The jelly is severely wounded.
You hit the jelly but do no damage. The acid corrodes you!
Your hands burn!
The jelly is severely wounded.
The jelly hits you.
You are splashed with acid!
You hit the jelly but do no damage. The acid corrodes you!
Your hands burn!
The jelly is severely wounded.
The jelly hits you. The acid corrodes you!
You are splashed with acid.
You hit the jelly but do no damage.
Your hands burn!
The jelly is severely wounded.
The jelly hits you.
You are splashed with acid!
* * * LOW HITPOINT WARNING * * *
You hit the jelly but do no damage.
Your hands burn!
* * * LOW HITPOINT WARNING * * *
The jelly is severely wounded.
The jelly hits you.
* * * LOW HITPOINT WARNING * * *
You are splashed with acid.
You die...

#.# ..# ..#
..# ..# ..#
####..#####
##..@J......
#<###.###...
#.## #.# #.#
#.. ... ...
.## ##.# # #


You could see a jelly.

Vanquished Creatures
  A scorpion (D:5)
  A centaur zombie (D:5)
  A bullfrog zombie (D:5)
  A jelly (D:5)
  A bullfrog skeleton (D:5)
  2 iguanas
  A hound zombie (D:5)
  A howler monkey zombie (D:5)
  5 adders
  An adder skeleton (D:4)
  A worm (D:2)
  4 dart slugs (D:2)
  4 orcs (D:3)
  5 endoplasms
  4 giant cockroaches
  6 goblins
  2 hobgoblins
  A quokka (D:1)
  3 ball pythons
  2 bats (D:1)
  4 frilled lizards
  5 kobolds
  5 rats
61 creatures vanquished.

Notes
Turn   | Place    | Note
-------+----------+-------------------------------------------
     0 | D:1      | jij1949 the Ghoul Monk began the quest for the Orb.
     0 | D:1      | Reached XP level 1. HP: 19/19 MP: 0/0
   407 | D:1      | Reached XP level 2. HP: 26/26 MP: 1/1
  1246 | D:2      | Reached XP level 3. HP: 22/31 MP: 2/2
  1396 | D:2      | Got the Papyrus of Burning Air
  1491 | D:2      | Reached skill level 4 in Unarmed Combat
  2034 | D:3      | Found a faded altar of an unknown god.
  2393 | D:3      | Found an ancient bone altar of Kikubaaqudgha.
  2463 | D:3      | Reached XP level 4. HP: 27/38 MP: 3/3
  3088 | D:4      | Reached skill level 1 in Armour
  3512 | D:4      | Reached XP level 5. HP: 43/45 MP: 4/4
  3515 | D:4      | Found Xiunore's Jewellery Boutique.
  3533 | D:4      | Reached skill level 1 in Short Blades
  3800 | D:5      | Entered Level 5 of the Dungeon
  4098 | D:5      | Noticed a sky beast
  4160 | D:5      | Reached XP level 6. HP: 28/52 MP: 5/5
  4933 | D:6      | Splashed by a jelly's acid

Illustrated notes

Levels and vault maps discovered:
D:1:      mrwooster_arrival_statue_2, layout_basic
D:2:      layout_rooms, st_stairs_2
D:3:      layout_basic, lemuel_coloured_pillars_altar,
          nicolae_ecumenical_pavilion, dk_vineyard_3
D:4:      layout_basic, serial_shops, shop
D:5:      layout_layer_cave
D:6:      layout_loops_ring, temple_statues, minmay_bent, uniq_maggie,
          uniq_duvessa

Skill      XL: |  1  2  3  4  5  6 |
---------------+-------------------+-----
Dodging        | 3 |  3.7
Unarmed Combat | 4 |  4.2
Stealth        | 3 |  3.1
Armour         | 1 2 |  2.4
Short Blades   | 2 |  2.9
Fighting       | |  3.9

Action                   |  1- 3 |  4- 6 || total
-------------------------+-------+-------++-------
Melee: Unarmed           |    87 |       ||    87
       Punch             |     2 |     7 ||     9
       Short sword       |    23 |   160 ||   183
  Use: Scroll            |     3 |     8 ||    11
       Potion            |     2 |     1 ||     3
 Stab: Sleeping          |     7 |       ||     7
Armor: Robe              |     6 |       ||     6
       Leather armour    |    14 |     2 ||    16
       Ring mail         |       |    45 ||    45
       Scale mail        |       |     3 ||     3
Dodge: Dodged            |    62 |    85 ||   147

Table legend: (Time is in decaauts)
 A = Elapsed time spent in this place.
 B = Non-inter-level travel time spent in this place.
 C = Inter-level travel time spent in this place.
 D = Time resting spent in this place.
 E = Time spent auto-exploring this place.
 F = Levels seen in this place.
 G = Mean time per level.
                   A        B        C        D        E       F      G
               +--------+--------+--------+--------+--------+-----+--------+
         Total |   4933 |   3998 |    935 |      0 |   3318 |   6 |  822.2 |
       Dungeon |   4933 |   3998 |    935 |      0 |   3318 |   6 |  822.2 |
               +--------+--------+--------+--------+--------+-----+--------+

Top non-repeatable levels by time:
     D:5: 1123 daAuts
     D:1: 1122 daAuts
     D:3: 1049 daAuts
     D:2: 859 daAuts
     D:4: 769 daAuts
     D:6: 9 daAuts
